 Dungeon Crawl Stone Soup version 0.19-a0-160-gd53b84c (webtiles) character file.

1900 Duffy the Cleaver (level 9, -1/50 HPs)
             Began as a Vine Stalker Gladiator on May 21, 2016.
             Was an Elder of Cheibriados.
             Succumbed to a killer bee's poison
             ... on level 7 of the Dungeon.
             The game lasted 00:07:10 (4830 turns).

Duffy the Cleaver (Vine Stalker Gladiator)          Turns: 4830, Time: 00:07:10

Health: -1/50      AC: 15    Str: 27    XL:     9   Next: 15%
Magic:  2/10       EV:  9    Int: 19    God:    Cheibriados [****..]
Gold:   339        SH:  0    Dex: 28    Spells: 2 memorised, 6 levels left

rFire  . . .     SeeInvis .     D - +0 battleaxe
rCold  + . .     Gourm    .     J - +0 plate armour
rNeg   . . .     Faith    .     (shield currently unavailable)
rPois  .         Spirit   +     c - +0 helmet
rElec  .         Dismiss  +     F - +0 cloak
rCorr  .         Reflect  .     h - +0 pair of gloves
SustAt .         Harm     .     A - +0 pair of boots
MR     +....                    p - amulet of dismissal
Stlth  ..........               I - ring of protection from cold
                                u - +3 ring of dexterity

@: lethally poisoned (-1 -> -11), very slow, somewhat resistant to hostile
enchantments, extremely unstealthy
A: fangs 3, regeneration 2, magic shield, antimagic bite, no device heal 3, rot
immunity
a: Bend Time, Temporal Distortion, Slouch, Renounce Religion


You were on level 7 of the Dungeon.
You worshipped Cheibriados.
Cheibriados was greatly pleased with you.
You were not hungry.

You visited 2 branches of the dungeon, and saw 8 of its levels.
You also visited: Ossuary.

You collected 339 gold pieces.


Innate Abilities, Weirdness & Mutations

You have razor-sharp teeth.
You heal very quickly.
When hurt, damage is shared between your health and your magic reserves.
Your bite disrupts and absorbs the magic of your enemies.
Potions and wands cannot restore your health.
You are immune to rotting.


   Skills:
 + Level 7.0 Fighting
 * Level 8.1 Axes
 - Level 1.7 Throwing
 + Level 2.5 Armour
 - Level 2.4 Dodging


You had 6 spell levels left.
You knew the following spells:

 Your Spells              Type           Power        Failure   Level  Hunger
a - Apportation           Tloc           #.........   100%        1    ##.....
b - Summon Butterflies    Summ           #.......     100%        1    ##.....

Inventory:

Hand Weapons
 a - a +0 war axe
 D - a +0 battleaxe (weapon)
Missiles
 d - 3 throwing nets (quivered)
Armour
 b - a +0 leather armour
 c - a +0 helmet (worn)
 e - a +0 ring mail
 h - a +0 pair of gloves (worn)
 o - a +0 scale mail
 s - a +0 chain mail
 A - a +0 pair of boots (worn)
 F - a +0 cloak (worn)
 J - a +0 plate armour (worn)
Jewellery
 p - an amulet of dismissal (around neck)
 u - a +3 ring of dexterity (left hand)
 I - a ring of protection from cold (right hand)
Wands
 l - a wand of polymorph (17/24)
 z - a wand of confusion (14/48)
 H - a wand of paralysis (21/24)
 N - a wand of flame (20/48)
 R - a wand of enslavement (9/24)
Scrolls
 k - 2 scrolls of immolation
 m - a scroll of random uselessness {unknown}
 n - 2 scrolls of teleportation
 q - 3 scrolls of remove curse
 v - a scroll of noise {unknown}
 x - a scroll of enchant weapon {unknown}
 C - a scroll of fear
 E - a scroll of recharging
 G - a scroll of magic mapping {unknown}
 K - a scroll of fog {unknown}
 O - a scroll of enchant armour {unknown}
 P - a scroll of blinking {unknown}
 Q - a scroll of acquirement {unknown}
Potions
 i - a potion of lignification {unknown}
 j - 6 potions of curing
 r - 2 potions of brilliance
 w - a potion of agility
Comestibles
 f - 9 bread rations
 g - a slice of pizza
 t - a royal jelly
 B - a meat ration
 L - 2 beef jerkies
 S - a chunk of flesh

Dungeon Overview and Level Annotations

Branches:
Dungeon (7/15)             Temple (1/1) D:4

Altars:
Ashenzari
Cheibriados
Dithmenos
Elyvilon
Fedhas
Gozag
Kikubaaqudgha
Nemelex Xobeh
Okawaru
Pakellas
Qazlal
Ru
Sif Muna
Trog
Vehumet
Xom
Yredelemnul
The Shining One


Message History

You are too injured to fight recklessly!
You are too injured to fight recklessly!
You are too injured to fight recklessly!
You are too injured to fight recklessly!
You are too injured to fight recklessly!
You are too injured to fight recklessly!
You are too injured to fight recklessly!
You feel very sick. The killer bee stings you. The killer bee stings you!
The killer bee stings you but does no damage.
You slice the killer bee!!
You kill the killer bee!
Cheibriados thoroughly appreciates the change of pace.
Your Fighting skill increases to level 7!
You feel sick. The killer bee barely misses you.
The killer bee stings you but does no damage.
You slash the killer bee! Your bite misses the killer bee.
The killer bee is heavily wounded.
You feel sick. The killer bee closely misses you. x2
The killer bee stings you.
You are lethally poisoned!
The killer bee poisons you!
You closely miss the killer bee. Your bite misses the killer bee.
The killer bee is heavily wounded.
You feel sick. The killer bee barely misses you. x2
Your plate armour prevents you from hitting the killer bee.
Your bite misses the killer bee.
The killer bee is heavily wounded.
You feel sick. The killer bee barely misses you. x2
The killer bee stings you but does no damage.
You hit the killer bee. You bite the killer bee. You drain its power.
You feel invigorated.
The killer bee is severely wounded.
You feel sick. The killer bee closely misses you. The killer bee stings you.
You are more poisoned.
The killer bee poisons you!
You closely miss the killer bee. Your bite misses the killer bee.
The killer bee is severely wounded.
You feel very sick. The killer bee barely misses you.
The killer bee stings you but does no damage. x2
You barely miss the killer bee. You bite the killer bee. You drain its power.
You feel invigorated.
You kill the killer bee!
Cheibriados thoroughly appreciates the change of pace.
You feel sick. The killer bee barely misses you. The killer bee stings you.
Your amulet of dismissal vibrates suddenly!
The killer bee disappears!
You swing at nothing.
You die...

#... ... #.... ...
#..######### ..
###.......%..### ..
#......#####?<=. #.
#......########. #.
#...............
###.##%###......#########
......y.@....>..####
...##.####.........######
# ###...###....... #.#.#
######## #.#.# #.#.#
#.#.# #.#.# #.#.#


You could see a killer bee.

Action                   |  1- 3 |  4- 6 |  7- 9 || total
-------------------------+-------+-------+-------++-------
Melee: War axe           |    53 |    76 |       ||   129
       Bite              |    18 |    45 |    49 ||   112
       Battleaxe         |       |    70 |   113 ||   183
  Use: Scroll            |       |     6 |     6 ||    12
  Eat: Chunk             |       |     4 |     3 ||     7
Armor: Ring mail         |    23 |       |       ||    23
       Leather armour    |     1 |       |       ||     1
       Scale mail        |       |    23 |       ||    23
       Chain mail        |       |    97 |    36 ||   133
       Plate armour      |       |       |    56 ||    56
Dodge: Dodged            |    39 |   107 |    92 ||   238

Notes
Turn   | Place    | Note
--------------------------------------------------------------
     0 | D:1      | Duffy the Vine Stalker Gladiator began the quest for the Orb.
     0 | D:1      | Reached XP level 1. HP: 11/11 MP: 2/2
    44 | D:2      | Reached skill level 2 in Fighting
    44 | D:2      | Reached skill level 3 in Axes
    44 | D:2      | Reached XP level 2. HP: 15/15 MP: 3/3
   211 | D:2      | Reached XP level 3. HP: 14/19 MP: 4/4
   455 | D:3      | Reached XP level 4. HP: 16/23 MP: 5/5
   456 | D:3      | Reached skill level 3 in Fighting
   559 | D:4      | Found an oddly glowing altar of Pakellas.
   606 | D:4      | Found a staircase to the Ecumenical Temple.
   610 | Temple   | Entered the Ecumenical Temple
   752 | Temple   | Became a worshipper of Cheibriados the Contemplative
   871 | D:1      | Reached skill level 4 in Axes
  1102 | D:1      | Reached * piety under Cheibriados
  1102 | D:1      | Reached XP level 5. HP: 28/28 MP: 6/6
  1882 | D:2      | Noticed Robin
  1894 | D:2      | Killed Robin
  1931 | D:2      | Learned a level 1 spell: Apportation
  1933 | D:2      | Learned a level 1 spell: Summon Butterflies
  1990 | D:2      | Reached ** piety under Cheibriados
  2384 | D:3      | Noticed Ijyb
  2385 | D:3      | Paralysed by Ijyb for 4 turns
  2392 | D:3      | Killed Ijyb
  2691 | D:4      | Reached skill level 4 in Fighting
  2691 | D:4      | Gained mutation: You heal very quickly. [Vine Stalker growth]
  2691 | D:4      | Reached XP level 6. HP: 15/33 MP: 3/7
  2976 | D:5      | Entered Level 5 of the Dungeon
  3079 | D:5      | Found a sand-covered staircase.
  3088 | Ossuary  | Entered an ossuary
  3099 | Ossuary  | Reached skill level 5 in Axes
  3180 | Ossuary  | Reached XP level 7. HP: 19/38 MP: 3/8
  3404 | D:5      | Noticed Pikel
  3423 | D:5      | Killed Pikel
  3423 | D:5      | Reached skill level 5 in Fighting
  3423 | D:5      | Reached skill level 6 in Axes
  3423 | D:5      | Gained mutation: You have razor-sharp teeth. [Vine Stalker growth]
  3423 | D:5      | Reached XP level 8. HP: 4/44 MP: 6/9
  3633 | D:5      | Noticed Sigmund
  3637 | D:5      | Killed Sigmund
  3637 | D:5      | Reached skill level 6 in Fighting
  3736 | D:5      | Found a sacrificial altar of Ru.
  3736 | D:5      | Found a radiant altar of Vehumet.
  3937 | D:5      | Reached *** piety under Cheibriados
  4177 | D:6      | Reached skill level 7 in Axes
  4225 | D:6      | Reached skill level 1 in Armour
  4735 | D:6      | Reached skill level 2 in Armour
  4764 | D:7      | Reached XP level 9. HP: 49/49 MP: 10/10
  4808 | D:7      | Reached **** piety under Cheibriados
  4817 | D:7      | Reached skill level 8 in Axes
  4823 | D:7      | Reached skill level 7 in Fighting
  4830 | D:7      | Succumbed to a killer bee's poison

Skill      XL: |  1  2  3  4  5  6  7  8  9 |
---------------+----------------------------+-----
Fighting       | 2 3 4 5 6 7 |  7.0
Axes           | 3 4 5 6 7 8 |  8.1
Armour         | 2 |  2.5
Throwing       | |  1.7
Dodging        | |  2.4

Vault maps used:
D:1:      wheals_arrival_shading, minmay_lizard_king
D:2:      first_bread, serial_park_tiny_pond, uniq_robin
D:3:      uniq_iyjb
D:4:      grunt_pakellas_salt, minmay_temple_entry_grid
D:5:      gammafunk_temple_overflow_statue, enter_ossuary_1, uniq_sigmund,
          uniq_pikel
Temple:   eino_wide_crystal_templ_15
Ossuary:  ossuary_minmay_tomb_2a

Vanquished Creatures
  Pikel Sigmund
  An ice beast
  An orc warrior
  A slave
  An elf zombie
  3 giant frogs
  4 killer bees
  2 howler monkeys
  A giant frog zombie
  An orc priest
  3 hounds
  4 orc wizards Ijyb
  An iguana
  3 big kobold zombies
  4 mummies Robin
  11 adders
  2 shadow imps
  An adder zombie
  A worm
  A dart slug
  2 giant geckos
  17 orcs
  3 bats
  6 giant cockroaches
  12 goblins
  7 hobgoblins
  8 jackals
  6 kobolds
  2 quokkas
  A giant gecko skeleton
  13 giant newts
  3 goblin zombies
  3 jackal zombies
  A kobold zombie
  6 rats
140 creatures vanquished.
